 Dungeon Crawl Stone Soup version 0.23.2-1-ga50397a (webtiles) character file.

Game seed: 6089531004081375746

2686 Borgoz the Cruncher (level 9, -2/48 HPs)
             Began as a Gargoyle Gladiator on May 26, 2019.
             Was an Initiate of Ashenzari.
             Killed by divine providence
             ... invoked by an orc priest
              (13 damage)
             ... on level 7 of the Dungeon.
             The game lasted 00:10:23 (5658 turns).

Borgoz the Cruncher (Gargoyle Gladiator)            Turns: 5658, Time: 00:10:23

Health: -2/48      AC: 22    Str: 29    XL:     9   Next: 64%
Magic:  0/9        EV: 11    Int:  5    God:    Ashenzari [......]
Gold:   182        SH:  0    Dex: 11    Spells: 8/8 levels left

rFire    . . .     SeeInvis .   a - +0 quarterstaff
rCold    . . .     Gourm    .   (shield currently unavailable)
rNeg     + . .     Faith    .   v - +0 chain mail
rPois    ∞         Spirit   +   c - +0 helmet
rElec    +         Reflect  .   s - +0 cloak
rCorr    .         Harm     .   (no gloves)
MR       .....                  C - +2 pair of boots {run}
Stlth    ..........             B - amulet "Taewodoz" {Spirit rPois Str+4 Int-5}
HPRegen  0.16/turn              (no ring)
MPRegen  0.11/turn              (no ring)

@: mighty, quick
A: negative energy resistance 1, electricity resistance, unbreathing,
petrification resistance, rot immunity, AC +6
a: Curse Item, Renounce Religion


You were on level 7 of the Dungeon.
You worshipped Ashenzari.
Ashenzari was noncommittal.
You were not hungry.

You visited 2 branches of the dungeon, and saw 8 of its levels.

You collected 347 gold pieces.
You spent 165 gold pieces at shops.

Inventory:

Hand Weapons
 a - a +0 quarterstaff (weapon)
Missiles
 d - 2 throwing nets (quivered)
Armour
 c - a +0 helmet (worn)
 s - a +0 cloak (worn)
 v - a +0 chain mail (worn)
 C - a +2 pair of boots of running (worn)
Jewellery
 p - an uncursed ring of stealth
 t - an uncursed ring of wizardry
 B - the amulet "Taewodoz" (around neck) {Spirit rPois Str+4 Int-5}
   (You found it on level 4 of the Dungeon)

   [amulet of guardian spirit]

   It causes incoming damage to be split between your health and magic.
   It affects your strength (+4).
   It affects your intelligence (-5).
   It protects you from poison.
Wands
 w - a wand of polymorph (7)
Scrolls
 e - 4 scrolls of amnesia {unknown}
 h - 2 scrolls of teleportation
 i - 4 scrolls of enchant armour {unknown}
 j - 4 scrolls of remove curse
 n - 3 scrolls of fear
 o - 3 scrolls of immolation
 u - a scroll of random uselessness {unknown}
 y - a scroll of blinking {unknown}
 D - a scroll of noise {unknown}
 G - 2 scrolls of magic mapping {unknown}
 J - a scroll of identify
Potions
 b - 3 potions of lignification
 g - 2 potions of might
 k - a potion of magic {unknown}
 l - 4 potions of curing
 m - 2 potions of resistance
 q - 2 potions of ambrosia {unknown}
 r - a potion of brilliance {unknown}
 x - a potion of invisibility {unknown}
 z - 2 potions of haste
 A - a potion of degeneration {unknown}
 E - a potion of mutation {unknown}
 F - 2 potions of heal wounds
 I - a potion of flight {unknown}
Comestibles
 f - 9 rations
 H - 3 chunks of flesh


   Skills:
 - Level 2.1 Fighting
 * Level 9.6 Staves
 - Level 1.7 Throwing
 + Level 6.8 Armour
 + Level 5.9 Dodging


You had 8 spell levels left.
You didn't know any spells.
Your spell library was empty.

Dungeon Overview and Level Annotations

Branches:
Dungeon (7/15)             Temple (1/1) D:5

Altars:
Ashenzari
Cheibriados
Dithmenos
Elyvilon
Fedhas
Gozag
Hepliaklqana
Makhleb
Nemelex Xobeh
Okawaru
Ru
Sif Muna
Trog
Uskayaw
Vehumet
Wu Jian
Xom
Yredelemnul
Zin
The Shining One

Shops:
D:6 !


Innate Abilities, Weirdness & Mutations

You are resistant to torment.
Your stone body is resilient. (AC +6)
You are immune to poison.
You resist negative energy. (rN+)
You are resistant to electric shocks. (rElec)
You can survive without breathing.
You are immune to petrification.
You are immune to rotting.


Message History

The death knight hits you but does no damage.
You see here a hornet corpse.
You closely miss the death knight.
The death knight hits you with a +4 broad axe of electrocution.
You thump the death knight!
The death knight is lightly wounded.
You barely miss the death knight.
The death knight is lightly wounded.
The death knight completely misses you.
You completely miss the death knight.
The death knight is lightly wounded.
You hit the death knight but do no damage.
The death knight is lightly wounded.
The death knight hits you with a +4 broad axe of electrocution!
* * * LOW HITPOINT WARNING * * *
You hit the death knight.
The death knight is lightly wounded.
The orc priest calls down the wrath of Beogh upon you.
Beogh smites you!
You die...

#.... .#.. ...
#.. .C o## #p#
## ####@#### .
##.#.#.#.## . .
#.........# .#
#.##.#.#.#.##..#
#.#.........#..
#..#.#.#.#.#..
#.#.........#..
#.##.#.#.#.##..#
## #.........#
.#


You could see a death knight, a cyclops and an orc priest.

Vanquished Creatures
  Pikel (D:5)
  A hornet (D:7)
  Grinder (D:5)
  Sigmund (D:2)
  Eustachio (D:6)
  The ghost of doot the Digger, an amateur FoEE (D:3)
  Edmund (D:5)
  A water moccasin (D:7)
  4 slaves (D:5)
  An ogre (D:4)
  The ghost of Killmatronix the Caller, an amateur MiSu (D:3)
  The ghost of Heatsaber the Vexing, an amateur VSAM (D:3)
  A bullfrog (D:5)
  2 scorpions (D:5)
  2 crimson imps
  A quasit (D:7)
  A jelly (D:5)
  3 orc priests
  Crazy Yiuf (D:6)
  A hound (D:6)
  2 orc wizards (D:6)
  A bullfrog skeleton (D:6)
  4 iguanas
  3 worker ants
  Natasha (thrice) (D:2)
  7 adders
  4 gnolls (D:4)
  A shadow imp (D:6)
  2 adder skeletons
  A worm (D:3)
  2 dart slugs
  8 leopard geckos
  14 orcs
  3 ball pythons
  6 bats
  3 giant cockroaches
  A goblin (D:1)
  4 hobgoblins
  12 jackals
  5 kobolds
  A quokka (D:4)
  7 frilled lizards
  A leopard gecko skeleton (D:6)
  A quokka skeleton (D:4)
  4 rats
127 creatures vanquished.

Notes
Turn   | Place    | Note
-------+----------+-------------------------------------------
     0 | D:1      | Borgoz the Gargoyle Gladiator began the quest for the Orb.
     0 | D:1      | Reached XP level 1. HP: 12/12 MP: 1/1
   112 | D:1      | Reached XP level 2. HP: 17/17 MP: 2/2
   310 | D:1      | Reached skill level 1 in Armour
   646 | D:2      | Noticed Natasha
   652 | D:2      | Reached XP level 3. HP: 21/21 MP: 3/3
   672 | D:2      | Killed Natasha
   672 | D:2      | Reached skill level 4 in Staves
   672 | D:2      | Reached XP level 4. HP: 4/26 MP: 4/4
  1445 | D:2      | Noticed Natasha
  1453 | D:2      | Killed Natasha
  1483 | D:2      | Found a glowing silver altar of Zin.
  1483 | D:2      | Noticed Natasha
  1489 | D:2      | Killed Natasha
  1489 | D:2      | Reached XP level 5. HP: 20/30 MP: 5/5
  1490 | D:2      | Found a burning altar of Makhleb.
  1491 | D:2      | Noticed an angel
  1491 | D:2      | Noticed a cacodemon
  1519 | D:2      | Noticed Sigmund
  1542 | D:2      | Killed Sigmund
  1542 | D:2      | Reached skill level 5 in Staves
  1542 | D:2      | Reached XP level 6. HP: 17/35 MP: 6/6
  1985 | D:3      | Found a runed translucent gate.
  1985 | D:3      | Found a runed translucent gate.
  1985 | D:3      | Found a runed translucent gate.
  1985 | D:3      | Noticed Heatsaber's ghost (amateur VSAM)
  1985 | D:3      | Noticed Killmatronix's ghost (amateur MiSu)
  1985 | D:3      | Noticed doot's ghost (amateur FoEE)
  2410 | D:3      | Killed Heatsaber's ghost
  2421 | D:3      | Killed Killmatronix's ghost
  2421 | D:3      | Reached XP level 7. HP: 40/40 MP: 7/7
  2432 | D:3      | Killed doot's ghost
  2432 | D:3      | Reached skill level 6 in Staves
  3298 | D:4      | Got a scorched garnet amulet
  3299 | D:4      | Identified the amulet "Taewodoz" {Spirit rPois Str+4 Int-5}
                  | (You found it on level 4 of the Dungeon)
  3415 | D:5      | Entered Level 5 of the Dungeon
  3416 | D:5      | Found a staircase to the Ecumenical Temple.
  3445 | D:5      | Reached XP level 8. HP: 44/44 MP: 8/8
  3488 | D:5      | Reached skill level 7 in Staves
  3692 | D:5      | Noticed Edmund
  3694 | D:5      | Noticed Grinder
  3722 | D:5      | Killed Edmund
  3722 | D:5      | Reached skill level 5 in Armour
  3735 | D:5      | Paralysed by Grinder for 3 turns
  3743 | D:5      | Killed Grinder
  3937 | D:5      | Identified a +2 pair of boots of running (You found it on
                  | level 5 of the Dungeon)
  3937 | D:5      | Lost intelligence.
  4122 | D:5      | Noticed Pikel
  4150 | D:5      | Reached skill level 5 in Dodging
  4174 | Temple   | Entered the Ecumenical Temple
  4583 | Temple   | Became a worshipper of Ashenzari the Shackled
  4716 | D:5      | Killed Pikel
  4716 | D:5      | Reached skill level 8 in Staves
  4716 | D:5      | Reached XP level 9. HP: 48/48 MP: 9/9
  4848 | D:6      | Noticed Eustachio
  4880 | D:6      | Killed Eustachio
  4928 | D:6      | Reached skill level 9 in Staves
  5079 | D:6      | Found Yzigagot's Distillery.
  5082 | D:6      | Bought a potion of heal wounds for 55 gold pieces
  5082 | D:6      | Bought a potion of haste for 110 gold pieces
  5397 | D:6      | Found a runed translucent door.
  5398 | D:6      | Noticed Crazy Yiuf
  5408 | D:6      | Killed Crazy Yiuf
  5465 | D:7      | Found a glowing golden altar of the Shining One.
  5632 | D:7      | Noticed a hornet
  5632 | D:7      | Noticed a cyclops
  5632 | D:7      | Noticed a death knight
  5651 | D:7      | Killed a hornet
  5658 | D:7      | Killed from afar by an orc priest

Skill      XL: |  1  2  3  4  5  6  7  8  9 |
---------------+----------------------------+-----
Armour         | 1 2 3 4 6 |  6.8
Staves         | 4 5 6 8 9 |  9.6
Dodging        | 3 4 5 |  5.9
Fighting       | |  2.1
Throwing       | |  1.7

Action                   |  1- 3 |  4- 6 |  7- 9 || total
-------------------------+-------+-------+-------++-------
Melee: Quarterstaff      |    61 |   156 |   449 ||   666
Throw: Throwing net      |       |       |     4 ||     4
  Use: Scroll            |       |       |     7 ||     7
       Potion            |       |       |     1 ||     1
 Stab: Sleeping          |       |     2 |       ||     2
       Held in net/web   |       |       |     1 ||     1
  Eat: Chunk             |       |     5 |     7 ||    12
       Ration            |       |       |     1 ||     1
Armor: Leather armour    |    22 |    41 |       ||    63
       Chain mail        |       |    31 |   313 ||   344
Dodge: Dodged            |    39 |    97 |   298 ||   434
